 Dungeon Crawl Stone Soup version 0.28-a0-461-g2dc4ca5097 (webtiles) character file.

Game seed: 16533546453509432576

103581 robertstho the Eclecticist (level 16, -1/115 HPs)
             Began as a Djinni Fire Elementalist on Sept 10, 2021.
             Was an Initiate of Gozag.
             Slain by a wolf spider (5 damage)
             ... on level 1 of the Spider Nest on Sept 13, 2021.
             The game lasted 01:01:16 (23198 turns).

robertstho the Eclecticist (DjFE)                  Turns: 23198, Time: 01:01:16

Health: -1/115     AC: 12    Str:  7    XL:     16   Next: 89%
Gold:   6930       EV: 14    Int: 21    God:    Gozag SH:  0 Dex: 17

rFire   + + +      SeeInvis +   R - +7 falchion of Ujejo {protect, rN+}
rCold   . . .      Faith    .   (no shield)
rNeg    + . .      Spirit   .   B - +0 troll leather armour {Purgy}
rPois   ∞          Reflect  .   l - +2 hat
rElec   .          Harm     .   r - scarf {rC+ rF+}
rCorr   .          Rampage  .   j - +0 pair of gloves {archery}
Will    +....                   (boots unavailable)
Stlth   ++........              J - amulet of the acrobat
HPRegen 1.29/turn               T - ring of Zun Giruucw {rPois Slay+2 SInv}
MPRegen 0.00/turn               z - +4 ring of protection

@: gold aura, flying
A: sickness immunity, fire resistance 2, cold vulnerability 1, float, innate
caster, hp casting, extra vitality 1
a: Renounce Religion, Potion Petition, Call Merchant, Bribe Branch


You were on level 1 of the Spider Nest.
You worshipped Gozag.
Gozag was greatly pleased with you.
You visited 5 branches of the dungeon, and saw 25 of its levels.
You also visited: Sewer and Gauntlet.

You collected 8965 gold pieces.
You spent 1370 gold pieces at shops.
You paid 665 gold pieces to Gozag.

Inventory:

Hand Weapons
 P - the +6 falchion of Turmoil {vorpal, Will+ Str+4}
   (You found it on level 9 of the Dungeon)

   It inflicts extra damage upon your enemies.
   Str:       It affects your strength (+4).
   Will:      It increases your willpower.
 R - the +7 falchion of Ujejo (weapon) {protect, rN+}
   (You bought it in a shop on level 9 of the Dungeon)

   It grants its wielder temporary protection when it strikes (+7 to AC).
   rN:        It protects you from negative energy.
 S - a +2 scimitar of flaming
Armour
 j - a +0 pair of gloves of archery (worn)
 l - a +2 hat (worn)
 r - a scarf of resistance (worn)
 B - a +0 troll leather armour (worn) {Purgy}
 G - a +0 cloak
 V - the +6 ring mail "Yqupext" {*Slow rElec Dex+2}
   (You found it on level 4 of the Lair of Beasts)

   Dex:       It affects your dexterity (+2).
   rElec:     It insulates you from electricity.
   *Slow:     It may slow you when you take damage.
Jewellery
 c - a +4 ring of evasion
 f - a ring of resist corrosion
 v - a ring of willpower
 z - a +4 ring of protection (right hand)
 J - an amulet of the acrobat (around neck)
 Q - a ring of protection from cold
 T - the ring of Zun Giruucw (left hand) {rPois Slay+2 SInv}
   (You found it in a Gauntlet)

   [ring of see invisible]

   Slay:      It affects your accuracy & damage with ranged weapons and melee
   (+2).
   rPois:     It protects you from poison.
   SInv:      It lets you see invisible.
 W - a ring of protection from fire
 Z - a ring of protection from fire
Wands
 g - a wand of flame (17)
 s - a wand of acid (8)
 t - a wand of iceblast (37)
 x - a wand of mindburst (41)
 A - a wand of charming (8)
 C - a wand of paralysis (8)
 M - a wand of digging (20)
Scrolls
 a - 3 scrolls of magic mapping
 b - 5 scrolls of fear
 d - 5 scrolls of enchant weapon
 e - a scroll of brand weapon
 h - 6 scrolls of teleportation
 i - a scroll of summoning
 m - 2 scrolls of silence
 p - 5 scrolls of immolation
 u - 2 scrolls of fog
 w - 2 scrolls of enchant armour
 y - a scroll of identify
 D - 2 scrolls of blinking
 E - a scroll of holy word
 L - 2 scrolls of torment
 U - a scroll of vulnerability
Potions
 k - 3 potions of lignification
 n - 8 potions of heal wounds
 o - 11 potions of curing
 q - 2 potions of haste
 F - a potion of might
 I - 3 potions of ambrosia
 K - 3 potions of berserk rage
 N - 3 potions of mutation
 O - 4 potions of brilliance
 X - 2 potions of attraction
Miscellaneous
 H - a phantom mirror


   Skills:
 * Level 10.8 Fighting
 + Level 0.5(1.0) Short Blades
 + Level 1.3(1.4) Long Blades
 + Level 2.8 Polearms
 + Level 4.9 Armour
 + Level 6.5 Dodging
 + Level 3.8 Stealth
 * Level 18.3 Spellcasting
 + Level 0.6 Evocations


You had 13 spell levels left.
You knew the following spells:

 Your Spells              Type           Power      Damage    Failure   Level
a - Foxfire               Conj/Fire      100%       2x1d9     0%          1
b - Scorch                Fire           100%       2d10      0%          2
c - Conjure Flame         Conj/Fire      77%        6-21      0%          3
d - Inner Flame           Hex/Fire       77%        N/A       0%          3
e - Flame Wave            Conj/Fire      77%        3d13      1%          4
f - Apportation           Tloc           100%       N/A       0%          1
g - Searing Ray           Conj           100%       2d8       0%          2
h - Frozen Ramparts       Ice            100%       1d12      0%          3
i - Dazzling Flash        Conj/Hex       100%       N/A       0%          3
j - Yara's Violent Unrav  Hex/Tmut       38%        3d15      1%          5
k - Summon Forest         Summ/Tloc      38%        N/A       1%          5
l - Iron Shot             Conj/Erth      38%        9d8       1%          6
Your spell library was empty.

Dungeon Overview and Level Annotations

Branches:
Dungeon (15/15)            Temple (1/1) D:4            Lair (6/6) D:10
  Swamp (0/4) Lair:4       Spider (1/4) Lair:2        Slime (0/5) Lair:6
    Orc (2/2) D:12            Elf (0/3) Orc:2        Vaults (0/5) D:13
 Depths (0/5) D:15          Sewer (visited)         Gauntlet (visited)

Altars:
Ashenzari
Cheibriados
Dithmenos
Elyvilon
Fedhas
Gozag
Hepliaklqana
Kikubaaqudgha
Makhleb
Nemelex Xobeh
Okawaru
Qazlal
Ru
Sif Muna
Trog
Uskayaw
Vehumet
Wu Jian
Xom
Yredelemnul
Zin
The Shining One
Beogh
Lugonu

Shops:
D:2 !   D:7 !   D:9 (   D:14 ?   Orc:2 :(*([

Portals:
Hell: Lair:6
Trove: D:13 (give 17 potions of curing)

Annotations:
D:8 1 runed translucent door, CraigForest's ghost, novice DrFi
D:14 exclusion: obsidian statue


Innate Abilities, Weirdness & Mutations

You are immune to sickness and miasma.
You are immune to poison.
Your flesh is very heat resistant. (rF++)
You are vulnerable to cold. (rC-)
You float through the air rather than walking.
You learn spells naturally, not from books.
Your magical power is your life essence.
You have superior vitality. (+4 HP)


Message History

The ghost moth is almost dead.
The ghost moth is no longer distracted by gold.
The flame wave engulfs the demonic crawler!
The demonic crawler resists.
You kill the demonic crawler!
The flame wave engulfs the demonic crawler!
The demonic crawler resists.
The demonic crawler is severely wounded.
The flame wave engulfs the jumping spider!!
You kill the jumping spider!
The flame wave engulfs the wolf spider!!
The wolf spider is heavily wounded.
You finish channelling waves of flame.
You hear an angry hiss.
The jumping spider is distracted by your dazzling golden aura.
The jumping spider leaps!
The demonic crawler completely misses you. x3
The tarantella is distracted by your dazzling golden aura.
The ghost moth stares at you. The ghost moth completely misses you.
The ghost moth hits you! The ghost moth stings you.
* * * LOW HITPOINT WARNING * * *
A tarantella comes into view.
The tarantella hisses angrily.
The jumping spider hisses angrily.
The jumping spider barely misses you. x2; The jumping spider leaps!
The wolf spider barely misses you. The wolf spider bites you!
* * * LOW HITPOINT WARNING * * *
The demonic crawler completely misses you.
The demonic crawler barely misses you. The demonic crawler hits you.
* * * LOW HITPOINT WARNING * * *
The ghost moth hits you.
* * * LOW HITPOINT WARNING * * *
The ghost moth closely misses you.
The ghost moth stings you but does no damage.
The redback is distracted by your dazzling golden aura. x2
The jumping spider leaps!
The wolf spider hits you!
* * * LOW HITPOINT WARNING * * *
The wolf spider bites you.
You die...
Your body crumbles into a pile of gold.

..(.....s...>..
.$...s°○.......
........s......
s......s..s....
......s.s......
.........$.....
......ss$......
....ssy@$..s.s.
s.....$s$......
B..............
.^s........#..#
.......s...# ##
...........s
.....>.......
..............


You could see a ghost moth (invisible), an entropy weaver, 2 demonic crawlers, 3
wolf spiders, an orb spider, 4 jumping spiders, 4 tarantellas and 5 redbacks.

Vanquished Creatures
  Frances (D:13)
  Kirke (D:15)
  A cacodemon (Gauntlet)
  2 orc warlords (Orc:2)
  A stone giant (D:15)
  Azrael (D:12)
  7 hydras
  3 boulder beetles
  A vault guard (D:13)
  A catoblepas (D:7)
  Erica (Lair:2)
  4 centaur warriors
  A death knight (D:12)
  3 two-headed ogres
  3 tengu warriors
  An orc high priest (Orc:2)
  A sun demon (Lair:6)
  2 wizards
  A lindwurm (Lair:6)
  A deep elf pyromancer (D:15)
  A phantasmal warrior (D:13)
  2 orc knights
  A wolf spider (D:15)
  8 ugly things
  7 cyclopes
  3 orc sorcerers
  3 manticores
  A moth of wrath (Spider:1)
  3 black mambas
  14 elephants
  2 orange demons (Lair:6)
  14 cane toads
  A torpor snail (Lair:5)
  2 yaktaurs (D:15)
  2 efreet
  A komodo dragon (shapeshifter) (D:10)
  4 rime drakes
  11 komodo dragons
  A tengu conjurer (D:13)
  A hellwing (Lair:6)
  2 ice devils (Lair:6)
  A red devil (Lair:6)
  2 demonic crawlers (Spider:1)
  3 polar bears
  7 trolls
  3 jumping spiders (Spider:1)
  9 meliai
  A tyrant leech (Gauntlet)
  A wind drake (shapeshifter) (D:13)
  17 slime creatures
  12 dream sheep (Lair:2)
  Sigmund (D:6)
  A spriggan (D:10)
  4 shadows
  A vampire (D:13)
  5 wyverns
  3 wraiths
  A tarantella (Spider:1)
  50 yaks
  4 fire elementals (D:12)
  5 vampire mosquitoes
  2 neqoxecs (Gauntlet)
  4 basilisks
  6 hogs (D:15)
  3 steam dragons
  3 swamp worms (Gauntlet)
  6 wargs (Orc:2)
  An acid dragon (D:8)
  14 water moccasins
  2 swamp drakes
  9 hell hounds
  Purgy (D:4)
  A sky beast (D:6)
  25 orc warriors
  A meliai simulacrum (D:14)
  3 necrophages
  4 ice beasts
  8 ogres
  12 centaurs
  15 wolves
  Blork the orc (D:4)
  2 phantoms (D:12)
  A kobold brigand (Sewer)
  10 bullfrogs
  A water moccasin zombie (D:6)
  A scorpion (D:7)
  A wyvern zombie (D:7)
  2 wyvern skeletons (D:7)
  2 troll zombies (D:12)
  10 killer bees
  2 electric eels (Lair:2)
  2 howler monkeys (D:13)
  2 bullfrog zombies
  9 jellies
  Crazy Yiuf (D:5)
  5 centaur zombies
  A hound (D:7)
  9 orc priests
  2 bullfrog skeletons (D:5)
  3 centaur skeletons (D:7)
  7 iguanas
  8 orc wizards
  4 killer bee zombies
  4 ogre zombies (D:12)
  A howler monkey zombie (D:10)
  Robin (D:4)
  A gnoll (D:7)
  7 adders
  A river rat (D:4)
  An adder skeleton (D:4)
  A worm (D:3)
  5 dart slugs
  47 orcs
  3 bats (D:1)
  7 endoplasms
  3 giant cockroaches
  7 hobgoblins
  3 jackals
  5 quokkas
  9 ball pythons
  A frilled lizard (D:1)
  15 goblins
  2 goblin skeletons (D:12)
  2 goblin zombies (D:12)
  2 hobgoblin zombies (D:12)
  11 kobolds
  3 orc skeletons (D:12)
  10 orc zombies (D:12)
  9 rats
  A bush (Lair:5)
620 creatures vanquished.

Vanquished Creatures (collateral kills)
  A catoblepas (D:13)
  A centaur warrior (D:13)
  2 orc knights (Orc:2)
  4 orc sorcerers (Orc:2)
  6 elephants (Lair:6)
  A black mamba (Lair:6)
  3 cane toads
  3 yaktaurs (D:15)
  16 yaks
  2 fire bats (Lair:2)
  2 wargs (Orc:2)
  A water moccasin (Lair:6)
  11 orc warriors (Orc:2)
  4 ogres (Orc:2)
  A bullfrog (Lair:3)
  7 jellies (Lair:6)
  An orc priest (Orc:2)
  4 gnolls (Orc:2)
  11 orcs (Orc:2)
  8 foxfires
89 creatures vanquished.

Vanquished Creatures (others)
  A human (D:15)
  2 bushes (Lair:6)
  2 demonic plants (D:1)
  998 foxfires
  61 fungi
  42 plants
  8 snaplasher vines
1114 creatures vanquished.

Grand Total: 1823 creatures vanquished

Notes
Turn   | Place    | Note
-------+----------+-------------------------------------------
     0 | D:1      | robertstho the Djinni Fire Elementalist began the quest for
                  | the Orb.
     0 | D:1      | Reached XP level 1. HP: 15/15 MP: 0/0
   248 | D:1      | Reached XP level 2. HP: 20/21 MP: 0/0
   751 | D:1      | Reached skill level 3 in Spellcasting
   936 | D:1      | Reached XP level 3. HP: 24/26 MP: 0/0
   936 | D:1      | Learned a level 1 spell: Apportation
  1685 | D:1      | Found a faded altar of an unknown god.
  1685 | D:1      | Noticed a sun demon
  2268 | D:2      | Found Dosud's Distillery.
  2278 | D:2      | Bought a potion of heal wounds for 65 gold pieces
  2278 | D:2      | Bought a potion of curing for 39 gold pieces
  2522 | D:2      | Reached XP level 4. HP: 29/31 MP: 0/0
  2758 | D:3      | Reached skill level 1 in Fighting
  3417 | D:3      | Found a broken altar of Ashenzari.
  3600 | D:3      | Found a burning altar of Makhleb.
  3600 | D:3      | Found a shimmering altar of Xom.
  3673 | D:4      | Reached XP level 5. HP: 27/38 MP: 0/0
  3673 | D:4      | Learned a level 2 spell: Searing Ray
  3674 | D:4      | Found a glowing drain.
  3683 | Sewer    | Entered a sewer
  3873 | Sewer    | Noticed a kobold brigand
  3877 | Sewer    | Killed a kobold brigand
  3878 | Sewer    | Reached skill level 4 in Spellcasting
  3968 | Sewer    | Found a glowing silver altar of Zin.
  4056 | D:4      | Found a hide-covered altar of Uskayaw.
  4191 | D:4      | Reached XP level 6. HP: 38/43 MP: 0/0
  4253 | D:4      | Noticed Blork the orc
  4259 | D:4      | Killed Blork the orc
  4330 | D:4      | Noticed an ogre
  4337 | D:4      | Killed an ogre
  4338 | D:4      | Reached XP level 7. HP: 44/49 MP: 0/0
  4338 | D:4      | Learned a level 3 spell: Frozen Ramparts
  4348 | D:4      | Reached skill level 5 in Spellcasting
  4532 | D:4      | Found a white marble altar of Elyvilon.
  4557 | D:4      | Found a stormy altar of Qazlal.
  4650 | D:4      | Found a staircase to the Ecumenical Temple.
  4666 | Temple   | Entered the Ecumenical Temple
  4758 | D:4      | Found a hazy altar of Hepliaklqana.
  4800 | D:4      | Noticed Robin
  4807 | D:4      | Killed Robin
  4996 | D:4      | Noticed Purgy
  5004 | D:4      | Killed Purgy
  5141 | D:5      | Entered Level 5 of the Dungeon
  5299 | D:5      | Reached skill level 6 in Spellcasting
  5299 | D:5      | Reached XP level 8. HP: 32/56 MP: 0/0
  5592 | D:5      | Found a runed translucent door.
  5593 | D:5      | Noticed Crazy Yiuf
  5861 | D:5      | Killed Crazy Yiuf
  6018 | D:6      | Reached skill level 7 in Spellcasting
  6032 | D:6      | Reached XP level 9. HP: 55/62 MP: 0/0
  6032 | D:6      | Learned a level 3 spell: Dazzling Flash
  6123 | D:6      | Found a glowing golden altar of the Shining One.
  6359 | D:6      | Noticed Sigmund
  6365 | D:6      | Killed Sigmund
  6366 | D:6      | Reached skill level 1 in Armour
  6366 | D:6      | Reached skill level 8 in Spellcasting
  6974 | D:7      | Reached skill level 9 in Spellcasting
  7004 | D:7      | Noticed a five-headed hydra
  7005 | D:7      | Noticed a troll
  7009 | D:7      | Killed a five-headed hydra
  7010 | D:7      | Reached skill level 5 in Fighting
  7010 | D:7      | Reached XP level 10. HP: 29/70 MP: 0/0
  7016 | D:7      | Reached skill level 10 in Spellcasting
  7079 | D:7      | Found Isotoajy's Distillery.
  7095 | D:7      | Bought a potion of degeneration for 11 gold pieces
  7095 | D:7      | Bought a potion of heal wounds for 55 gold pieces
  7095 | D:7      | Bought a potion of heal wounds for 55 gold pieces
  7133 | D:7      | Reached skill level 1 in Polearms
  7171 | D:7      | Found an opulent altar of Gozag.
  7230 | D:7      | Became a worshipper of Gozag Ym Sagoz the Greedy
  7285 | D:7      | Bought a potion of curing for 33 gold pieces
  7285 | D:7      | Bought a potion of heal wounds for 55 gold pieces
  7436 | D:7      | Noticed a cyan ugly thing
  7445 | D:7      | Killed a cyan ugly thing
  7789 | D:7      | Noticed a catoblepas
  7817 | D:7      | Killed a catoblepas
  7818 | D:7      | Reached XP level 11. HP: 66/76 MP: 0/0
  7818 | D:7      | Learned a level 5 spell: Yara's Violent Unravelling
  7952 | D:7      | Noticed a cyclops
  7962 | D:7      | Killed a cyclops
  7987 | D:8      | Found a runed translucent door.
  7987 | D:8      | Found a sacrificial altar of Ru.
  8004 | D:8      | Reached skill level 11 in Spellcasting
  8143 | D:8      | Found a snail-covered altar of Cheibriados.
  8620 | D:8      | Noticed CraigForest's ghost (novice DrFi)
  9077 | D:9      | Found a bloodstained altar of Trog.
  9121 | D:9      | Identified the +6 falchion of Turmoil {vorpal, Will+ Str+4}
  9379 | D:10     | Entered Level 10 of the Dungeon
  9385 | D:10     | Noticed a fire crab
  9385 | D:10     | a shapeshifter changed into a fire crab
  9416 | D:9      | Bought an ichor-stained falchion for 264 gold pieces
  9416 | D:9      | Identified the +7 falchion of Ujejo {protect, rN+} (You
                  | bought it in a shop on level 9 of the Dungeon)
  9668 | D:10     | Reached skill level 12 in Spellcasting
  9668 | D:10     | Reached XP level 12. HP: 81/84 MP: 0/0
  9760 | D:10     | Found a staircase to the Lair.
  9819 | D:10     | Found a sparkling altar of Nemelex Xobeh.
  9929 | D:10     | Found a glowing silver altar of Zin.
  9929 | D:10     | Noticed an angel
 10244 | D:10     | Noticed a two-headed ogre
 10252 | D:10     | Killed a two-headed ogre
 10456 | D:11     | Noticed a two-headed ogre
 10460 | D:11     | Killed a two-headed ogre
 10552 | D:11     | Noticed a boulder beetle
 10574 | Lair:1   | Entered Level 1 of the Lair of Beasts
 10825 | Lair:1   | Reached skill level 13 in Spellcasting
 10925 | Lair:1   | Reached skill level 5 in Dodging
 11006 | Lair:1   | You are sucked into a shaft and drop 1 floor!
 11088 | Lair:2   | Noticed Erica
 11099 | Lair:2   | Reached XP level 13. HP: 87/92 MP: 0/0
 11099 | Lair:2   | Learned a level 5 spell: Summon Forest
 11100 | Lair:2   | Killed Erica
 11143 | Lair:2   | Found a hole to the Spider Nest.
 11614 | Lair:2   | Reached skill level 14 in Spellcasting
 12720 | Lair:4   | Noticed an eight-headed hydra
 12729 | Lair:4   | Killed an eight-headed hydra
 12899 | Lair:4   | Identified the +6 ring mail "Yqupext" {*Slow rElec Dex+2}
 13465 | Lair:4   | Found a staircase to the Swamp.
 13955 | Lair:5   | Reached XP level 14. HP: 94/99 MP: 0/0
 14328 | Lair:6   | Entered Level 6 of the Lair of Beasts
 14328 | Lair:6   | Found a gate leading to a gauntlet.
 14333 | Gauntlet | Entered a Gauntlet
 14333 | Gauntlet | Found a transporter.
 14342 | Gauntlet | Found a transporter.
 14344 | Gauntlet | Noticed a cacodemon
 14361 | Gauntlet | Found a transporter.
 14363 | Gauntlet | Found a transporter.
 14384 | Gauntlet | Found a transporter.
 14391 | Gauntlet | Noticed a cacodemon
 14397 | Gauntlet | Found a transporter.
 14399 | Gauntlet | Found a runed translucent door.
 14411 | Gauntlet | Found a transporter.
 14418 | Gauntlet | Noticed a dire elephant
 14440 | Gauntlet | Found a transporter.
 14440 | Gauntlet | Found a transporter.
 14445 | Gauntlet | Found a transporter.
 14476 | Gauntlet | Found a transporter.
 14476 | Gauntlet | Found a transporter.
 14477 | Gauntlet | Found a runed translucent door.
 14537 | Gauntlet | Killed a cacodemon
 14538 | Gauntlet | Reached skill level 15 in Spellcasting
 14584 | Gauntlet | Identified the ring of Zun Giruucw {rPois Slay+2 SInv}
 14589 | Gauntlet | Identified the +4 whip of the Magic Mushroom {vorpal,
                  | *Corrode Str+5 Int+6}
 14616 | Gauntlet | Identified the +7 broad axe of Ruje {pain, *Rage Will-
                  | Str+7 Stlth+}
 14616 | Gauntlet | Noticed a minotaur
 14649 | Gauntlet | Identified the -4 helmet of the Sparrow {-Cast Drain rF+
                  | rC+++}
 14670 | Lair:6   | Found a staircase to the Slime Pits.
 14766 | Lair:6   | Found a blossoming altar of Fedhas.
 14948 | Lair:6   | Reached skill level 1 in Long Blades
 15221 | Lair:6   | Reached skill level 16 in Spellcasting
 15274 | Lair:6   | Reached XP level 15. HP: 86/106 MP: 0/0
 15274 | Lair:6   | Learned a level 6 spell: Iron Shot
 15515 | Lair:6   | Found a burning altar of Makhleb.
 15697 | Lair:6   | Identified a scroll of acquirement
 15698 | Lair:6   | Acquired 915 gold pieces
 15848 | Lair:6   | Found a gateway to Hell.
 15855 | Lair:6   | Identified the +1 mace of Eternity {vorpal, rC+}
 16210 | D:11     | Found a sparkling altar of Nemelex Xobeh.
 16716 | D:12     | Noticed Azrael
 16723 | D:12     | Killed Azrael
 17040 | D:12     | Found a sacrificial altar of Ru.
 17312 | D:12     | Found a staircase to the Orcish Mines.
 17674 | D:12     | Identified the +0 pair of boots of Cynicism {rN+ Str+4}
 17702 | Orc:1    | Entered Level 1 of the Orcish Mines
 17950 | Orc:2    | Entered Level 2 of the Orcish Mines
 18096 | Orc:2    | Found Pivvashe's General Store.
 18110 | Orc:2    | Bought a scroll of magic mapping for 52 gold pieces
 18110 | Orc:2    | Bought a scroll of teleportation for 45 gold pieces
 18141 | Orc:2    | Noticed an orc warlord
 18155 | Orc:2    | Killed an orc warlord
 18156 | Orc:2    | Reached skill level 10 in Fighting
 18293 | Orc:2    | Found Taev Don's Antique Weapon Boutique.
 18325 | Orc:2    | Noticed an orc warlord
 18336 | Orc:2    | Reached skill level 17 in Spellcasting
 18350 | Orc:2    | Killed an orc warlord
 18501 | Orc:2    | Upgraded the game from 0.28-a0-429-g1448048969 to
                  | 0.28-a0-461-g2dc4ca5097
 18628 | Orc:2    | Found Evamp's Antique Armour Emporium.
 18636 | Orc:2    | Bought a runed scarf for 192 gold pieces
 18720 | Orc:2    | Found Laqaytim's Weapon Emporium.
 18858 | Orc:2    | Found Gimuakhu's Book Shop.
 18935 | Orc:2    | Found a staircase to the Elven Halls.
 19301 | D:13     | Noticed Frances
 19312 | D:13     | Killed Frances
 19456 | D:13     | Reached XP level 16. HP: 103/113 MP: 0/0
 20064 | D:13     | Found a gate to the Vaults.
 20179 | D:13     | Found a portal to a secret trove of treasure.
 20681 | D:14     | Found Oruoze's Magic Scroll Shop.
 20698 | D:14     | Bought a scroll of holy word for 105 gold pieces
 20698 | D:14     | Bought a scroll of fear for 49 gold pieces
 20698 | D:14     | Bought a scroll of teleportation for 42 gold pieces
 20698 | D:14     | Bought a scroll of vulnerability for 105 gold pieces
 20698 | D:14     | Bought a scroll of teleportation for 42 gold pieces
 20698 | D:14     | Bought a scroll of identify for 28 gold pieces
 20698 | D:14     | Bought a scroll of identify for 28 gold pieces
 20698 | D:14     | Bought a scroll of blinking for 105 gold pieces
 21133 | D:15     | Entered Level 15 of the Dungeon
 21280 | D:15     | Noticed Kirke
 21290 | D:15     | Killed Kirke
 21516 | D:15     | Reached skill level 18 in Spellcasting
 21701 | D:15     | Found a staircase to the Depths.
 23186 | Spider:1 | Entered Level 1 of the Spider Nest
 23198 | Spider:1 | HP: 4/115 [wolf spider (12)]
 23198 | Spider:1 | Slain by a wolf spider

Illustrated notes

Levels and vault maps discovered:
D:1:      dpeg_arrival_simpleton_a, layout_loops_ring,
          dreamdust_ecumenical_altar_sealed_demon, minmay_misc_feat_enclosed,
          minmay_pentomino_s4
D:2:      layout_rooms, serial_shops, shop
D:3:      layout_loops_cross, grunt_temple_overflow_champion_of_chaos,
          mainiacjoe_overflow_alcove_1
D:4:      layout_loops_ring, grunt_qazlal_sundering, lemuel_doored_altar,
          mainiacjoe_overflow_small_starburst, nicolae_elyvilon_peaceful_grove,
          minmay_temple_entry_arrows, portal_sewer_entry_b, st_stairs_1,
          uniq_robin, uniq_blork_the_orc, uniq_purgy
D:5:      layout_cave_pools, amcnicky_altar_gilded, uniq_crazy_yiuf_cottage
D:6:      layout_basic, nicolae_overflow_crystal_walls, chequers_mini_garden,
          hex_large, uniq_sigmund
D:7:      nzn_winding_woodlands_stair_cross [nzn_winding_woodlands_5x15_twine,
          nzn_winding_woodlands_center_garden,
          nzn_winding_woodlands_5x15_zeroes, nzn_winding_woodlands_5x5_cross,
          nzn_winding_woodlands_5x5_perimeter, nzn_winding_woodlands_5x15_cabin,
          nzn_winding_woodlands_center_triple_pond,
          nzn_winding_woodlands_5x15_sidewinder], layout_loops_ring,
          mainiacjoe_overflow_concentric_impassable, serial_shops,
          nicolae_shop_waterfront
D:8:      layout_basic, kennysheep_slug_shrine, kiku_gazebo_pond_becter,
          mainiacjoe_overflow_paths, ebering_ghost_reflecting_pool,
          serial_curves, eino_curves_01, eino_curves_02,
          small_statue_intersection, kennysheep_generic_room_7
D:9:      layout_gridville, general_overflow_altar
D:10:     layout_cave_pods, zin_angel, kennysheep_mini_moat, lair_entry_dummy,
          the_hattery
D:11:     layout_layer_cave, nemelex_spade_bored_becter
D:12:     layout_rooms, zombieorc1_lemuel, nicolae_ru_great_annihilating_truth,
          uniq_azrael
D:13:     layout_roguey, david_vaults_4, enter_trove_5, uniq_frances
D:14:     layout_loops_corners, infiniplex_staircase_zigzag_4, serial_shops,
          nicolae_shop_stone, special_room [special_room_orc], chequers_jeans,
          minmay_protected_statue
D:15:     grunt_enter_depths_giant_problem, layout_layer_cave,
          grunt_decor_clamped, uniq_kirke
Temple:   corrupted_temple
Lair:1:   layout_cave_pods, grunt_megastairs_3
Lair:2:   layout_gridlike, dummy_spider_entry, st_stairs_9, serial_bayou_pond_e,
          serial_bayou_pond_c, pond, infiniplex_staircase_pool_2, uniq_erica
Lair:3:   layout_regular_city
Lair:4:   layout_cave_pods, minmay_swamp_entry_reptiles, lemuel_fruit_tree
Lair:5:   layout_loops_ring, chequers_serial_rivers_small_3
Lair:6:   evil_forest, layout_loops_ring, minmay_slime_entry_jelly_boxes,
          gauntlet_entry_generic, basic_altar
Spider:1: layout_spider_delve, gammafunk_ghost_split
Orc:1:    layout_caves
Orc:2:    grunt_orc_gardens, layout_caves, grunt_orc_garden, grunt_orc_garden,
          grunt_orc_garden, grunt_orc_garden, serial_shops,
          nicolae_lakefront_shop

Skill      XL: |  1  2  3  4  5  6  7  8  9 10 11 12 13 14 15 16 |
---------------+-------------------------------------------------+-----
Spellcasting   | 3 4 6 7 9 10 12 13 14 16 17 18 | 18.3
Fighting       | 1 2 3 5 6 7 8 9 10 | 10.8
Stealth        | 2 3 |  3.8
Armour         | 1 2 3 4 |  4.9
Dodging        | 3 4 5 6 |  6.5
Polearms       | 1 2 |  2.8
Long Blades    | 1 |  1.3
Short Blades   | |  0.5
Evocations     | |  0.6

Action                   |  1- 3 |  4- 6 |  7- 9 | 10-12 | 13-15 | 16-18 || total
-------------------------+-------+-------+-------+-------+-------+-------++-------
Melee: Unarmed           |     3 |       |       |       |       |       ||     3
       Short sword       |     5 |       |       |       |       |       ||     5
       Scythe            |       |       |     5 |    35 |       |       ||    40
       Falchion          |       |       |       |     1 |     8 |       ||     9
       Scimitar          |       |       |       |       |    15 |       ||    15
 Cast: Foxfire           |    74 |    92 |    94 |   156 |   175 |       ||   591
       Scorch            |     6 |     4 |    68 |    55 |    73 |     3 ||   209
       Flame Wave        |       |       |     8 |    62 |    76 |    14 ||   160
       Dazzling Flash    |       |       |       |     1 |       |       ||     1
       Searing Ray       |       |       |       |     1 |     1 |       ||     2
       Summon Forest     |       |       |       |       |    21 |     2 ||    23
       Frozen Ramparts   |       |       |       |       |     2 |       ||     2
       Iron Shot         |       |       |       |       |   157 |   140 ||   297
Invok: Call Merchant     |       |       |       |     1 |       |       ||     1
Evoke: Wand              |       |       |       |       |       |     3 ||     3
  Use: Scroll            |       |       |     5 |     2 |    16 |     4 ||    27
       Potion            |       |       |       |       |     3 |     2 ||     5
 Stab: Sleeping          |       |       |       |       |     1 |       ||     1
Armor: Robe              |     3 |     1 |       |       |       |       ||     4
       Troll leather arm |       |       |    25 |    57 |    52 |    36 ||   170
Dodge: Dodged            |    11 |     6 |    58 |   168 |   266 |   114 ||   623

Table legend: (Time is in decaauts)
 A = Elapsed time spent in this place.
 B = Non-inter-level travel time spent in this place.
 C = Inter-level travel time spent in this place.
 D = Time resting spent in this place.
 E = Time spent auto-exploring this place.
 F = Levels seen in this place.
 G = Mean time per level.
                   A        B        C        D        E       F      G
               +--------+--------+--------+--------+--------+-----+--------+
         Total |  23242 |  21972 |   1270 |    636 |  17255 |  27 |  860.8 |
       Dungeon |  15827 |  14984 |    843 |    542 |  12052 |  15 | 1055.1 |
        Temple |     77 |     63 |     14 |      0 |     57 |   1 |   77.0 |
          Lair |   5188 |   4895 |    293 |     89 |   3748 |   6 |  864.7 |
   Spider Nest |     11 |     11 |      0 |      0 |      0 |   1 |   11.0 |
  Orcish Mines |   1501 |   1382 |    119 |      0 |    968 |   2 |  750.5 |
         Sewer |    320 |    320 |      0 |      0 |    261 |   1 |  320.0 |
      Gauntlet |    315 |    315 |      0 |      5 |    169 |   1 |  315.0 |
               +--------+--------+--------+--------+--------+-----+--------+

Top non-repeatable levels by time:
     D:1: 1768 daAuts
    D:15: 1491 daAuts
     D:7: 1325 daAuts
    D:14: 1310 daAuts
     D:4: 1273 daAuts
  Lair:6: 1180 daAuts
   Orc:2: 1115 daAuts
    D:13: 1045 daAuts
    D:12: 1000 daAuts
     D:2: 975 daAuts
    D:11: 942 daAuts
    D:10: 932 daAuts
     D:3: 917 daAuts
  Lair:4: 888 daAuts
  Lair:3: 880 daAuts
